 Dungeon Crawl Stone Soup version 0.24.0-123-gd5b16e6ec5 (webtiles) character file.

Game seed: 8896805560271324079, levelgen mode: deterministic

20 Braveman the Caller (level 2, 0/19 HPs)
             Began as a Vampire Summoner on Feb 10, 2020.
             Succumbed to an adder's poison
             ... on level 2 of the Dungeon on Feb 11, 2020.
             The game lasted 00:23:29 (1263 turns).

Braveman the Caller (Vampire Summoner)              Turns: 1263, Time: 00:23:30

Health: 0/19       AC:  3    Str:  7    XL:     2   Next: 58%
Magic:  4/5        EV: 12    Int: 17    God:
Gold:   61         SH:  0    Dex: 14    Spells: 4/5 levels left

rFire    . . .     SeeInvis +   l - +0 short sword
rCold    . . .     Gourm    .   (no shield)
rNeg     . . .     Faith    .   a - +0 robe
rPois    .         Spirit   .   d - +0 helmet
rElec    .         Reflect  .   (no cloak)
rCorr    .         Harm     .   (no gloves)
MR       .....                  (no boots)
Stlth    ++........             (no amulet)
HPRegen  0.26/turn              (no ring)
MPRegen  0.09/turn              (no ring)

@: lethally poisoned (0 -> -4), regenerating quickly
A: no food, fangs 3, see invisible, unbreathing
a: Exsanguinate


You were on level 2 of the Dungeon.
You were alive.

You visited 1 branch of the dungeon, and saw 2 of its levels.

You collected 61 gold pieces.

Inventory:

Hand Weapons
 h - a +0 dagger
 l - a +0 short sword (weapon)
Missiles
 b - 28 poisoned darts (quivered)
 c - 38 stones
 m - 4 bolts
Armour
 a - a +0 robe (worn)
 d - a +0 helmet (worn)
 g - a +0 robe
 n - a +0 ring mail
Scrolls
 e - 2 scrolls of enchant weapon {unknown}
 i - a scroll of remove curse {unknown}
 j - a scroll of enchant armour {unknown}
 k - 2 scrolls of identify {unknown}
Potions
 f - 2 potions of haste {unknown}


   Skills:
 + Level 0.7 Throwing
 + Level 2.2 Dodging
 + Level 3.0 Stealth
 + Level 2.2 Spellcasting
 + Level 4.3 Summonings


You had 4 spell levels left.
You knew the following spells:

 Your Spells              Type           Power        Failure   Level  Hunger
a - Summon Small Mammal   Summ           ###.         3%          1    N/A

Your spell library contained the following spells:

 Spells                   Type           Power        Failure   Level  Hunger
 Call Imp                 Summ           ###.....     4%          2    N/A
 Call Canine Familiar     Summ           ###.....     10%         3    N/A
 Summon Guardian Golem    Hex/Summ       #.......     22%         3    N/A
 Summon Ice Beast         Ice/Summ       #.......     58%         4    N/A
 Summon Lightning Spire   Summ/Air       #.......     58%         4    N/A

Dungeon Overview and Level Annotations

Branches:
Dungeon (2/15)

Altars:
Ashenzari


Innate Abilities, Weirdness & Mutations

You do not eat.
Your natural rate of healing is unusually fast.
You have razor-sharp teeth.
You have supernaturally acute eyesight. (SInv)
You can survive without breathing.


Message History

Aim: an adder (almost dead)
Okay, then.
Okay, then.
Keep disrobing? [Y]es or [N]o only, please.
Keep disrobing?
Uppercase [Y]es or [N]o only, please.
Keep disrobing?
You stop removing your armour.
* * * LOW HITPOINT WARNING * * *
You feel sick. The adder barely misses you.
Your quokka misses the adder.
Unknown command.
Throwing (i - inventory. (/) - cycle)
b - 29 poisoned darts (quivered)
Press: ? - help, Shift-Dir - straight line, f/p - adder
Aim: an adder (almost dead)
You throw a poisoned dart. The poisoned dart hits the adder.
The adder is poisoned.
The adder is almost dead.
You die...

....#####............
.....................
.......#.#........# .
#+#...>(..)..<..... ..
#.#...#.#.#.####.#+#.##
#.#....................
#......#....##.........
##.....(.)...''.........
.........(..(..S@.......
...............r........
....#<...#............##
... ###......(........#
.. #....####.......# .
.......# #...#####
.........# #####
..........# .<........#


You could see an adder and a friendly quokka.

Vanquished Creatures
  A dart slug (D:1)
  3 goblins (D:1)
  A hobgoblin (D:1)
  4 kobolds (D:1)
  A bat (D:1)
10 creatures vanquished.

Vanquished Creatures (collateral kills)
  A dart slug (D:1)
  A leopard gecko (D:1)
  2 hobgoblins (D:1)
  3 goblins
7 creatures vanquished.

Grand Total: 17 creatures vanquished

Notes
Turn   | Place    | Note
-------+----------+-------------------------------------------
     0 | D:1      | Braveman the Vampire Summoner began the quest for the Orb.
     0 | D:1      | Reached XP level 1. HP: 13/13 MP: 3/3
    15 | D:1      | Found a shattered altar of Ashenzari.
   334 | D:1      | Reached XP level 2. HP: 15/19 MP: 3/5
  1263 | D:2      | Succumbed to an adder's poison

Levels and vault maps discovered:
D:1:      lightli_arrival_chessboard, layout_loops_corners,
          chequers_serial_rivers_large_b, evilmike_ruin_ashenzari
D:2:      layout_basic, supply_closet_lemuel, minmay_hexomino_c4, uniq_jessica

Action                   || total
-------------------------++-------
Melee: Short sword       ||    12
       Dagger            ||     6
       Bite              ||     1
Throw: Dart              ||    53
 Cast: Summon Small Mamm ||    12
Armor: Robe              ||     8
Dodge: Dodged            ||    31
